 Dungeon Sprint DCSS version 0.30-a0-777-ga9a30cbeda (webtiles) character file.

Game seed: 8091166753500916218

51 PLAYERX the Fighter (level 3, 0/38 HPs)
             Began as a Gnoll Wanderer on Feb 13, 2023.
             Was an Initiate of Okawaru.
             Slain by a wight
             ... wielding a +0 battleaxe
              (11 damage)
             ... in the Dungeon (Sprint VII: "The Pits").
             The game lasted 00:04:23 (263 turns).

PLAYERX the Fighter (Gnoll Wanderer)                 Turns: 263, Time: 00:04:24

Health: 0/38       AC: 13    Str: 10    XL:     3   Next: 83%
Magic:  5/6        EV:  2    Int: 11    God:    Okawaru [......]
Gold:   0          SH:  0    Dex: 14    Spells: 6/6 levels left

rFire   . . .      SeeInvis .    a - +2 trident
rCold   . . .      Faith    .    (no shield)
rNeg    . . .      Spirit   .    b - +2 plate armour
rPois   .          Reflect  .    (no helmet)
rElec   .          Harm     .    (no cloak)
rCorr   .          Rampage  .    (no gloves)
Will    .....      NoTele   +    (no boots) Stlth
                                 (no amulet)
HPRegen 0.26/turn                (no ring)
MPRegen 0.10/turn                (no ring)

@: no status effects
A: fangs 1, strong nose, distributed training
a: Renounce Religion


You were in the Dungeon.
You worshipped Okawaru.
Okawaru was noncommittal.
You visited 1 branch

Inventory:

Hand Weapons
 a - a +2 trident (weapon)
Armour
 b - a +2 plate armour (worn)
Scrolls
 c - a scroll of teleportation
 j - a scroll of blinking
 k - 5 scrolls of amnesia
 l - a scroll of butterflies
Potions
 d - 3 potions of invisibility
 e - 6 potions of curing
 f - 6 potions of heal wounds
 g - a potion of haste
 h - 4 potions of magic
 i - 3 potions of berserk rage


   Skills:
 + Level 8.9 Fighting
 + Level 3.5 Short Blades
 + Level 2.3 Long Blades
 + Level 2.3 Axes
 + Level 2.3 Maces & Flails
 + Level 2.3 Polearms
 + Level 2.3 Staves
 + Level 2.3 Ranged Weapons
 + Level 3.5 Throwing
 + Level 3.5 Armour
 + Level 5.2 Dodging
 + Level 3.3 Stealth
 + Level 2.3 Shields
 + Level 2.3 Unarmed Combat
 + Level 2.3 Spellcasting
 + Level 1.9 Conjurations
 + Level 1.9 Hexes
 + Level 1.9 Summonings
 + Level 1.9 Necromancy
 + Level 1.9 Translocations
 + Level 1.9 Transmutations
 + Level 1.9 Fire Magic
 + Level 1.9 Ice Magic
 + Level 1.9 Air Magic
 + Level 1.9 Earth Magic
 + Level 1.9 Poison Magic
 + Level 2.6 Invocations
 + Level 2.3 Evocations


You had 6 spell levels left.
You didn't know any spells.
Your spell library was empty.

Dungeon Overview and Level Annotations

Branches:
Dungeon (1/1)

Altars:
Ashenzari
Cheibriados
Dithmenos
Elyvilon
Fedhas
Gozag
Hepliaklqana
Kikubaaqudgha
Makhleb
Nemelex Xobeh
Okawaru
Qazlal
Ru
Sif Muna
Trog
Uskayaw
Vehumet
Wu Jian
Xom
Yredelemnul
Zin
The Shining One
Jiyva
Lugonu

Annotations:
D Pargi


Innate Abilities, Weirdness & Mutations

You have very sharp teeth.
Your uncanny sense of smell can sniff out nearby items.
Your experience applies equally to all skills.


Message History

The jackal barely misses you.
A wight comes into view. It is wielding a +0 battleaxe.
The frilled lizard bites you but does no damage.
Your life force feels restored.
Your Long Blades skill increases to level 2!
Your Axes skill increases to level 2!
Your Maces & Flails skill increases to level 2!
Your Polearms skill increases to level 2!
Your Staves skill increases to level 2!
Your Ranged Weapons skill increases to level 2!
Your Dodging skill increases to level 5!
Your Shields skill increases to level 2!
Your Unarmed Combat skill increases to level 2!
Your Spellcasting skill increases to level 2!
Your Evocations skill increases to level 2!
You barely miss the jackal.
You feel sick.
The jackal bites you but does no damage.
The frilled lizard barely misses you.
The jackal bites you but does no damage.
You closely miss the jackal.
You feel sick.
You are no longer poisoned.
The jackal bites you.
* * * LOW HITPOINT WARNING * * *
The frilled lizard bites you but does no damage.
You miss the jackal.
The jackal bites you but does no damage.
The frilled lizard bites you but does no damage.
The jackal bites you but does no damage.
You closely miss the jackal. The wight hits you but does no damage.
The jackal bites you but does no damage.
The frilled lizard bites you but does no damage.
You hit the jackal. Your punch misses the jackal.
You bite the jackal, but do no damage.
The jackal is moderately wounded.
The jackal bites you but does no damage.
The frilled lizard bites you but does no damage.
The wight barely misses you.
The jackal bites you but does no damage.
The wight hits you with a +0 battleaxe!
You die...

#.#..'..†..#####'##
#.##'####'###......
#.#..).....##......
#.#..†.....##......
#.#####'#####...<..
#.#..[)))..##......
#.#..[)))..##......
#'###########......
#.@hzT..# #######
#zl#h#..# #.## #
∆∆∆ #.. ∆ #.# ∆ #..
∆ #.. ##


You could see Pargi, 2 wights, 2 jackals and a frilled lizard.

Vanquished Creatures
  Crazy Yiuf (D)
  A river rat (D)
  An adder skeleton (D)
  An orc (D)
  A bat skeleton (D)
  A bat zombie (D)
  A goblin (D)
  2 jackals (D)
  2 frilled lizards (D)
  A jackal skeleton (D)
12 creatures vanquished.

Notes
Turn   | Place    | Note
-------+----------+-------------------------------------------
     0 | D        | PLAYERX the Gnoll Wanderer began the quest for the Orb.
     0 | D        | PLAYERX set off with the following items: a +0 short sword,
                  | a +2 leather armour, a scroll of teleportation, a potion of
                  | invisibility, a potion of curing, a potion of heal wounds,
                  | a potion of haste, 2 potions of magic, a potion of berserk
                  | rage, a scroll of blinking.
     0 | D        | Reached XP level 1. HP: 26/26 MP: 1/1
    41 | D        | Found a bloodstained altar of Trog.
    41 | D        | Found a shimmering blue altar of Sif Muna.
    41 | D        | Found a viscous altar of Jiyva.
    41 | D        | Found a hazy altar of Hepliaklqana.
    41 | D        | Found an opulent altar of Gozag.
    42 | D        | Found a glowing golden altar of the Shining One.
    42 | D        | Found a glowing silver altar of Zin.
    42 | D        | Found a basalt altar of Yredelemnul.
    42 | D        | Found a shimmering altar of Xom.
    42 | D        | Found an ornate altar of the Wu Jian Council.
    42 | D        | Found a sacrificial altar of Ru.
    42 | D        | Found a stormy altar of Qazlal.
    42 | D        | Found an iron altar of Okawaru.
    42 | D        | Found a sparkling altar of Nemelex Xobeh.
    42 | D        | Found a burning altar of Makhleb.
    42 | D        | Found a blossoming altar of Fedhas.
    42 | D        | Found a white marble altar of Elyvilon.
    42 | D        | Found a shadowy altar of Dithmenos.
    42 | D        | Found a snail-covered altar of Cheibriados.
    44 | D        | Found a radiant altar of Vehumet.
    44 | D        | Found a corrupted altar of Lugonu.
    45 | D        | Found a hide-covered altar of Uskayaw.
    45 | D        | Found an ancient bone altar of Kikubaaqudgha.
    45 | D        | Found a broken altar of Ashenzari.
    74 | D        | Became a worshipper of Warmaster Okawaru
    96 | D        | Reached skill level 1 in Invocations
   107 | D        | Reached skill level 1 in Long Blades
   107 | D        | Reached skill level 1 in Axes
   107 | D        | Reached skill level 1 in Maces & Flails
   107 | D        | Reached skill level 1 in Polearms
   107 | D        | Reached skill level 1 in Staves
   107 | D        | Reached skill level 1 in Ranged Weapons
   107 | D        | Reached skill level 1 in Shields
   107 | D        | Reached skill level 1 in Unarmed Combat
   107 | D        | Reached skill level 1 in Spellcasting
   107 | D        | Reached skill level 1 in Conjurations
   107 | D        | Reached skill level 1 in Hexes
   107 | D        | Reached skill level 1 in Summonings
   107 | D        | Reached skill level 1 in Necromancy
   107 | D        | Reached skill level 1 in Translocations
   107 | D        | Reached skill level 1 in Transmutations
   107 | D        | Reached skill level 1 in Fire Magic
   107 | D        | Reached skill level 1 in Ice Magic
   107 | D        | Reached skill level 1 in Air Magic
   107 | D        | Reached skill level 1 in Earth Magic
   107 | D        | Reached skill level 1 in Poison Magic
   107 | D        | Reached skill level 1 in Evocations
   107 | D        | Reached XP level 2. HP: 28/33 MP: 2/4
   174 | D        | Reached XP level 3. HP: 35/38 MP: 5/5
   251 | D        | Noticed Crazy Yiuf
   252 | D        | Noticed a wight
   257 | D        | Noticed Pargi
   258 | D        | Killed Crazy Yiuf
   258 | D        | Noticed a wight
   259 | D        | Reached skill level 5 in Dodging
   263 | D        | Slain by a wight

Illustrated notes

Levels and vault maps discovered:
D:        pitsprint [storerooms_1, entrance_room_1, metal_vault_8, armoury_3,
          mini_pit_1, grid_room_1, main_hall_1, silver_pit, the_coven_1,
          the_vestibule_1, steel_vault_4, golden_pit, hallway_of_sentries,
          crystal_vault_4, iron_vault_1, final_vault]

Skill      XL: |  1  2  3 |
---------------+----------+-----
Invocations    | 1 2 |  2.6
Long Blades    | 1 2 |  2.3
Axes           | 1 2 |  2.3
Maces & Flails | 1 2 |  2.3
Polearms       | 1 2 |  2.3
Staves         | 1 2 |  2.3
Ranged Weapons | 1 2 |  2.3
Shields        | 1 2 |  2.3
Unarmed Combat | 1 2 |  2.3
Spellcasting   | 1 2 |  2.3
Conjurations   | 1 |  1.9
Hexes          | 1 |  1.9
Summonings     | 1 |  1.9
Necromancy     | 1 |  1.9
Translocations | 1 |  1.9
Transmutations | 1 |  1.9
Fire Magic     | 1 |  1.9
Ice Magic      | 1 |  1.9
Air Magic      | 1 |  1.9
Earth Magic    | 1 |  1.9
Poison Magic   | 1 |  1.9
Evocations     | 1 2 |  2.3
Short Blades   | 3 |  3.5
Throwing       | 3 |  3.5
Armour         | 3 |  3.5
Stealth        | 3 |  3.3
Dodging        | 5 |  5.2
Fighting       | |  8.9

Action                     || total
---------------------------++-------
  Melee: Trident           ||    54
         Bite              ||     6
         Short sword       ||     1
         Punch             ||     1
   Stab: Sleeping          ||     2
 Armour: Leather armour    ||    21
         Plate armour      ||    18
  Dodge: Dodged            ||    49

Table legend: (Time is in decaauts)
 A = Elapsed time spent in this place.
 B = Non-inter-level travel time spent in this place.
 C = Inter-level travel time spent in this place.
 D = Time resting spent in this place.
 E = Time spent auto-exploring this place.
 F = Levels seen in this place.
 G = Mean time per level.
                   A        B        C        D        E       F      G
               +--------+--------+--------+--------+--------+-----+--------+
         Total |    274 |    274 |      0 |     29 |      0 |   1 |  274.0 |
       Dungeon |    274 |    274 |      0 |     29 |      0 |   1 |  274.0 |
               +--------+--------+--------+--------+--------+-----+--------+

Top non-repeatable levels by time:
       D: 274 daAuts
